 Dungeon Crawl Stone Soup version 0.21.1-1-g345015fe64 (webtiles) character file.

177 Ivernyr the Magician (level 5, -2/40 HPs)
             Began as a Draconian Wizard on May 2, 2018.
             Slain by an iguana (15 damage)
             ... on level 4 of the Dungeon.
             The game lasted 00:11:27 (3796 turns).

Ivernyr the Magician (Draconian Wizard)             Turns: 3796, Time: 00:11:28

Health: -2/40      AC:  5    Str:  9    XL:     5   Next: 30%
Magic:  1/11       EV: 12    Int: 20    God:
Gold:   136        SH:  0    Dex:  9    Spells: 3/12 levels left

rFire    . . .     SeeInvis .   a - -2 spear (curse)
rCold    . . .     Gourm    .   (no shield)
rNeg     . . .     Faith    .   (armour unavailable)
rPois    .         Spirit   .   (helmet restricted)
rElec    .         Reflect  .   (no cloak)
rCorr    .         Harm     .   (no gloves)
MR       .....                  (no boots)
Stlth    ++........             (no amulet)
HPRegen  0.13/turn              (no ring)
MPRegen  0.12/turn              (no ring)

@: no status effects
A: unfitting armour, cold-blooded, AC +5
a: no special abilities


You were on level 4 of the Dungeon.
You were hungry.

You visited 1 branch of the dungeon, and saw 4 of its levels.

You collected 136 gold pieces.

Inventory:

Hand Weapons
 a - a cursed -2 spear (weapon)
 e - a +0 trident
Armour
 h - a +0 buckler
Scrolls
 f - a scroll of magic mapping {unknown}
 j - 2 scrolls of enchant armour
 k - a scroll of teleportation
Potions
 d - 3 potions of heal wounds {unknown}
 g - a potion of degeneration {unknown}
 i - a potion of flight {unknown}
 l - 2 potions of curing {unknown}
 m - a potion of cancellation {unknown}
Books
 b - a book of Minor Magic

   Spells                             Type                      Level
   a - Magic Dart                     Conjuration                  1
   b - Blink                          Translocation                2
   c - Call Imp                       Summoning                    2
   d - Slow                           Hexes                        2
   e - Conjure Flame                  Conjuration/Fire             3
   f - Mephitic Cloud                 Conjuration/Poison/Air       3
Comestibles
 c - 9 rations


   Skills:
 - Level 1.1 Fighting
 - Level 2.0 Dodging
 - Level 1.7 Stealth
 + Level 1.6 Shields
 + Level 4.1 Spellcasting
 * Level 3.2 Conjurations
   Level 1.0 Summonings
 - Level 1.0 Translocations


You had 3 spell levels left.
You knew the following spells:

 Your Spells              Type           Power        Failure   Level  Hunger
a - Magic Dart            Conj           ###.         3%          1    None
b - Blink                 Tloc           N/A          13%         2    #......
c - Conjure Flame         Conj/Fire      ##......     19%         3    ###....
d - Mephitic Cloud        Conj/Pois/Air  #.......     24%         3    ###....


Dungeon Overview and Level Annotations

Branches:
Dungeon (4/15)
 Temple: D:4-7

Altars:
Elyvilon
Makhleb
Nemelex Xobeh
Okawaru
Ru
Yredelemnul


Innate Abilities, Weirdness & Mutations

Your plain brown scales are hard. (AC +5)
You cannot fit into any form of body armour.
You are cold-blooded and may be slowed by cold attacks.


Message History

Casting: Blink
Confirm with . or Enter, or press ? or * to list all spells.
Aiming: Magic Dart
Press: ? - help, Shift-Dir - straight line, f/p - iguana
Aim: an iguana (severely wounded)
The magic dart hits the iguana.
The iguana is almost dead.
The iguana misses you.
Casting: Magic Dart
Confirm with . or Enter, or press ? or * to list all spells.
Aiming: Magic Dart
Press: ? - help, Shift-Dir - straight line, f/p - iguana
Aim: an iguana (almost dead)
The magic dart hits the iguana.
The iguana is almost dead.
The iguana closely misses you.
You closely miss the iguana.
The iguana is almost dead.
The iguana bites you!
You die...

.#.....####.............
.#.......##............#
.#>...#..##............
.######...##.........# ...#
#...........%..##.
.#.#####.....#..........
##.......#...###.##..##
...#...###.#.# #l...#
.....#.#..ยง#.###@...#
.........###......#..# ...###..>
##..#.###.... ...##....####....#
##.. ...##.#.........##
###..##### ......##..##....###
#........# #..######.........#
#........# #...#
#......###..#####........#
##..###...#....#...............#


You could see an iguana.

Vanquished Creatures
  A scorpion (D:4)
  A hound skeleton (D:4)
  Robin (D:2)
  4 adders
  A worm (D:3)
  A dart slug (D:3)
  2 leopard geckos
  3 orcs (D:3)
  2 bats
  2 giant cockroaches
  15 goblins
  12 hobgoblins
  2 kobolds
  2 ball pythons
  A ball python skeleton (D:4)
  2 frilled lizards (D:2)
  A leopard gecko skeleton (D:4)
  3 rats
56 creatures vanquished.

Notes
Turn   | Place    | Note
-------+----------+-------------------------------------------
     0 | D:1      | Ivernyr the Draconian Wizard began the quest for the Orb.
     0 | D:1      | Reached XP level 1. HP: 14/14 MP: 4/4
   204 | D:1      | You fall through a shaft!
   231 | D:2      | Reached XP level 2. HP: 10/20 MP: 0/6
   491 | D:2      | Reached XP level 3. HP: 23/27 MP: 1/8
   886 | D:1      | Reached skill level 1 in Fighting
  1002 | D:1      | Found a sparkling altar of Nemelex Xobeh.
  1316 | D:2      | Found a white marble altar of Elyvilon.
  1374 | D:2      | Found a sacrificial altar of Ru.
  1387 | D:2      | Learned a level 2 spell: Blink
  1391 | D:2      | Learned a level 3 spell: Conjure Flame
  1395 | D:2      | Learned a level 3 spell: Mephitic Cloud
  1495 | D:2      | Found a basalt altar of Yredelemnul.
  1495 | D:2      | Found a burning altar of Makhleb.
  1957 | D:2      | Noticed Robin
  1961 | D:2      | Reached XP level 4. HP: 35/35 MP: 1/9
  1976 | D:2      | Killed Robin
  2558 | D:3      | Reached skill level 1 in Shields
  2808 | D:3      | Found an iron altar of Okawaru.
  3036 | D:3      | Found a sparkling altar of Nemelex Xobeh.
  3465 | D:4      | Reached skill level 4 in Spellcasting
  3598 | D:4      | Reached XP level 5. HP: 40/40 MP: 0/11
  3796 | D:4      | Slain by an iguana

Skill      XL: |  1  2  3  4 |
---------------+-------------+-----
Dodging        | 2 |  2.0
Fighting       | 1 |  1.1
Conjurations   | 2 3 |  3.2
Shields        | 1 |  1.6
Spellcasting   | 4 |  4.1
Stealth        | |  1.7
Summonings     | |  1.0
Translocations | |  1.0

Action                   |  1- 3 |  4- 6 || total
-------------------------+-------+-------++-------
Melee: Spear             |    30 |    60 ||    90
       Tailslap          |     1 |     4 ||     5
 Cast: Magic Dart        |    64 |    77 ||   141
       Conjure Flame     |       |     2 ||     2
       Blink             |       |     1 ||     1
  Use: Scroll            |     1 |     2 ||     3
 Stab: Sleeping          |     1 |     2 ||     3
  Eat: Chunk             |     3 |     5 ||     8
Armor: Skin              |    16 |    17 ||    33
Dodge: Dodged            |    26 |    49 ||    75
